 Dungeon Crawl Stone Soup version 0.24-a0-201-gf205589 (webtiles) character file.

Game seed: 7846881755065383194

317706 MatthieuS the Eclecticist (level 20, 0/126 HPs)
             Began as a Deep Elf Fire Elementalist on Mar 19, 2019.
             Was the Champion of Vehumet.
             Shot with a bolt by a yaktaur captain (36 damage)
             ... on level 5 of the Vaults on Mar 21, 2019.
             The game lasted 02:20:44 (36798 turns).

MatthieuS the Eclecticist (DEFE)                   Turns: 36798, Time: 02:20:44

Health: 0/126      AC: 18    Str:  9    XL:     20   Next: 56%
Magic:  49/55      EV: 22    Int: 31    God:    Vehumet [******]
Gold:   3182       SH:  5    Dex: 15    Spells: 8/60 levels left

rFire    + . .     SeeInvis +   Z - staff of energy {!a}
rCold    + . .     Gourm    .   G - +0 buckler
rNeg     . . .     Faith    .   E - +2 leather armour of Imperfection {rF- rC+ Regen+ MP+9}
rPois    +         Spirit   .   C - +2 helmet {SInv}
rElec    +         Reflect  .   q - +2 cloak
rCorr    +         Harm     .   l - +2 pair of gloves
MR       ++++.                  h - +2 pair of boots {run}
Stlth    ++........             I - amulet of magic regeneration
HPRegen  0.71/turn              K - ring of fire
MPRegen  0.59/turn              t - ring of the Mage {Wiz MR++ Int+3}

@: resistant, quick
A: rugged brown scales 1, strong 1
}: 2/15 runes: decaying, gossamer
a: Renounce Religion


You were on level 5 of the Vaults.
You worshipped Vehumet.
Vehumet was exalted by your worship.
You were not hungry.

You visited 6 branches of the dungeon, and saw 36 of its levels.
You also visited: Volcano.

You collected 4886 gold pieces.
You spent 1704 gold pieces at shops.

Inventory:

Hand Weapons
 P - the +10 scimitar of Accord {elec, +Rage +Fly rElec Str-3}
   (You found it on level 4 of the Spider Nest)

   Occasionally, upon striking a foe, it will discharge some electrical energy
   and cause terrible harm.
   It affects your strength (-3).
   It insulates you from electricity.
   It lets you fly.
   It lets you go berserk.
Missiles
 Y - a throwing net (quivered) {!f}
Armour
 a - a scarf of cloud immunity
   (You bought it in a shop on level 4 of the Vaults)
 h - a +2 pair of boots of running (worn)
   (You found it on level 1 of the Dungeon)
 l - a +2 pair of gloves (worn)
   (You bought it in a shop on level 4 of the Vaults)
 q - a +2 cloak (worn)
   (You found it on level 2 of the Dungeon)
 C - a +2 helmet of see invisible (worn)
   (You bought it in a shop on level 1 of the Orcish Mines)
 E - the +2 leather armour of Imperfection (worn) {rF- rC+ Regen+ MP+9}
   (You found it on level 6 of the Dungeon)

   It makes you vulnerable to fire.
   It protects you from cold.
   It affects your magic capacity (+9).
   It increases your rate of regeneration.
 G - a +0 buckler (worn)
   (You found it on level 6 of the Lair of Beasts)
Magical Staves
 u - an uncursed staff of fire
   (You found it on level 4 of the Vaults)
 B - an uncursed staff of conjuration {!a}
   (You found it on level 6 of the Dungeon)
 Z - an uncursed staff of energy (weapon) {!a}
   (You found it on level 4 of the Vaults)
Jewellery
 r - a +5 amulet of reflection
   (You found it on level 4 of the Vaults)
 t - the ring of the Mage (right hand) {Wiz MR++ Int+3}
   (You found it on level 2 of the Vaults)

   [ring of wizardry]

   It improves your spell success rate.
   It affects your intelligence (+3).
   It affects your resistance to hostile enchantments.
 D - an uncursed ring of magical power
   (You bought it in a shop on level 8 of the Dungeon)
 I - an amulet of magic regeneration (around neck)
   (You found it on level 9 of the Dungeon)
 J - the ring "Husiohaw" {rPois rC+ Dex+4 SInv}
   (You found it on level 4 of the Vaults)

   [ring of see invisible]

   It affects your dexterity (+4).
   It protects you from cold.
   It protects you from poison.
   It lets you see invisible.
 K - a ring of fire (left hand)
   (You bought it in a shop on level 8 of the Dungeon)
Wands
 c - a wand of disintegration (23)
   (You found it on level 4 of the Lair of Beasts)
 d - a wand of iceblast (32)
   (You found it on level 8 of the Dungeon)
 x - a wand of acid (10)
   (You found it on level 4 of the Vaults)
 W - a wand of enslavement (19)
   (You found it on level 2 of the Swamp)
Scrolls
 f - 6 scrolls of amnesia
 j - 2 scrolls of teleportation {@r4}
 n - 17 scrolls of remove curse {@r2}
 o - 5 scrolls of fog
 y - 6 scrolls of magic mapping
 L - 7 scrolls of vulnerability {!r}
 M - 10 scrolls of blinking
 Q - 3 scrolls of fear
 S - 6 scrolls of immolation {!r}
 U - a scroll of summoning
 X - 2 scrolls of brand weapon
Potions
 g - 8 potions of lignification {!q}
 i - 3 potions of mutation {!q}
 k - 6 potions of haste {@q3}
 p - 6 potions of curing {@q1}
 s - 2 potions of berserk rage
 A - 3 potions of resistance
 F - 6 potions of flight
 N - 6 potions of might
 O - 4 potions of ambrosia
 R - 3 potions of heal wounds {@q2}
 T - 2 potions of brilliance
 V - 2 potions of magic
Miscellaneous
 b - 3 phantom mirrors
 v - a lamp of fire
   (You found it on level 10 of the Dungeon)
Comestibles
 e - 38 rations
 m - 5 chunks of flesh


   Skills:
 + Level 12.4 Fighting
 + Level 15.8 Dodging
 - Level 2.4 Stealth
 - Level 4.0 Shields
 + Level 20.5 Spellcasting
 + Level 17.6 Conjurations
 - Level 9.1 Summonings
 + Level 17.8 Fire Magic
 + Level 11.2 Earth Magic
 - Level 8.0 Poison Magic


You had 8 spell levels left.
You knew the following spells:

 Your Spells              Type           Power        Failure   Level  Hunger
a - Flame Tongue          Conj/Fire      #####        0%          1    None
b - Fire Storm            Conj/Fire      ########..   12%         9    None
c - Inner Flame           Hex/Fire       #######.     1%          3    None
d - Conjure Flame         Conj/Fire      ########     0%          3    None
f - Olgreb's Toxic Radia  Pois           ######..     1%          4    None
g - Bolt of Magma         Conj/Fire/Erth ########..   1%          5    None
h - Blink                 Tloc           N/A          1%          2    None
i - Apportation           Tloc           ####..       1%          1    None
j - Lehudib's Crystal Sp  Conj/Erth      #######...   3%          8    None
k - Spellforged Servitor  Conj/Summ      #######...   1%          7    None
q - Sticky Flame          Conj/Fire      ########     0%          4    None
x - Fireball              Conj/Fire      ########..   1%          5    None

Your spell library contained the following spells:

 Spells                   Type           Power        Failure   Level  Hunger
 Chain Lightning          Conj/Air       ######....   26%         8    None
 Magic Dart               Conj           ####         0%          1    None
 Sandblast                Erth           ######       0%          1    None
 Sting                    Conj/Pois      ####         0%          1    None
 Throw Flame              Conj/Fire      ######       0%          2    None
 Stone Arrow              Conj/Erth      ######       0%          3    None
 Animate Skeleton         Necr           N/A          1%          1    None
 Confusing Touch          Hex            ####..       1%          1    None
 Freeze                   Ice            ####         1%          1    None
 Infusion                 Chrm           ####         1%          1    None
 Summon Butterflies       Summ           ######..     1%          1    None
 Summon Small Mammal      Summ           ####         1%          1    None
 Call Imp                 Summ           ######..     1%          2    None
 Corpse Rot               Necr           N/A          1%          2    None
 Passwall                 Tmut/Erth      ######..     1%          2    None
 Poisonous Vapours        Pois/Air       ######       1%          2    None
 Shroud of Golubria       Chrm/Tloc      ####......   1%          2    None
 Slow                     Hex            ####....     1%          2    None
 Song of Slaying          Chrm           ####....     1%          2    None
 Sublimation of Blood     Necr           ####......   1%          2    None
 Throw Frost              Conj/Ice       ######       1%          2    None
 Lesser Beckoning         Tloc           ####......   1%          3    None
 Mephitic Cloud           Conj/Pois/Air  ######..     1%          3    None
 Ozocubu's Armour         Chrm/Ice       ####....     1%          3    None
 Regeneration             Chrm/Necr      ####......   1%          3    None
 Spectral Weapon          Hex/Chrm       ####....     1%          3    None
 Static Discharge         Conj/Air       ######..     1%          3    None
 Tukima's Dance           Hex            ####....     1%          3    None
 Summon Ice Beast         Ice/Summ       ######..     1%          4    None
 Throw Icicle             Conj/Ice       ######..     1%          4    None
 Bolt of Draining         Conj/Necr      ######....   1%          5    None
 Venom Bolt               Conj/Pois      #######...   1%          5    None
 Conjure Ball Lightning   Conj/Air       ######....   1%          6    None
 Poison Arrow             Conj/Pois      #######...   1%          6    None
 Freezing Cloud           Conj/Ice/Air   ######....   2%          6    None
 Alistair's Intoxication  Tmut/Pois      ######..     3%          5    None
 Statue Form              Tmut/Erth      ######...    10%         6    None
 Agony                    Necr           ####....     17%         5    None
 Dispel Undead            Necr           ####....     17%         5    None
 Excruciating Wounds      Chrm/Necr      ####......   17%         5    None
 Invisibility             Hex            ####....     65%         6    None
 Glaciate                 Conj/Ice       ######....   96%         9    None


Dungeon Overview and Level Annotations

Branches:
Dungeon (15/15)            Temple (0/1) D:7            Lair (6/6) D:10
  Swamp (4/4) Lair:2       Spider (4/4) Lair:2        Slime (0/5) Lair:5
    Orc (2/2) D:11            Elf (0/3) Orc:2        Vaults (5/5) D:13
  Crypt (0/3) Vaults:2     Depths (0/5) D:15

Altars:
Cheibriados
Dithmenos
Fedhas
Hepliaklqana
Kikubaaqudgha
Makhleb
Nemelex Xobeh
Vehumet
Xom
Zin
The Shining One
Beogh

Shops:
D:8 =   D:14 *   Orc:1 [   Orc:2 [[(*   Vaults:4 [

Portals:
Trove: D:14 (give 18 potions of curing)


Innate Abilities, Weirdness & Mutations

You are partially covered in rugged brown scales. (AC +1, +3% HP)
Your muscles are strong. (Str +2)


Message History

Aim: a sphinx zombie You feel a surge of power!
A raging storm of fire appears!
The great blast of fire engulfs the sphinx zombie!!!!
The great blast of fire engulfs the vault warden!!!
The great blast of fire engulfs the necromancer!!!
The necromancer partially resists.
You kill the necromancer!
Vehumet accepts your kill.
You feel your power returning.
You hear a deafening roar!
You hear a shout! x2
You hear a horrible gurgling sound!
You hear a shout! x8
You hear a horrible gurgling sound!
You hear a shout!
The deep elf annihilator misses you. The purple ugly thing engulfs you!
The wolf spider hits you but does no damage.
The wolf spider completely misses you.
The sphinx zombie is engulfed in blazing flames.
The vault warden is engulfed in blazing flames.
The yaktaur unwields a +0 arbalest of velocity.
The yaktaur wields a +0 glaive.
The yaktaur closely misses you.
Aim: a vault warden, wielding a +0 arbalest and wearing a +0 plate armour (flame, almost dead)
You feel a surge of power!
The bolt of magma hits the yaktaur!!!
You kill the yaktaur!
Vehumet accepts your kill.
The bolt of magma hits the vault warden!!
You kill the vault warden!
Vehumet accepts your kill.
You feel your power returning.
The runic seals fade away.
The lorocyproca gives a chilling moan.
The wolf spider hits you! The wolf spider closely misses you.
The deep elf annihilator barely misses you.
The deep elf demonologist gestures wildly while chanting.
The deep elf annihilator casts a spell at you.
The iron shot hits you!!!
* * * LOW HITPOINT WARNING * * *
The purple ugly thing completely misses you.
Your fire vortex closely misses the deep elf mage.
The deep elf mage mumbles some strange words.
The deep elf mage blinks!
The sphinx zombie is engulfed in blazing flames.
The wolf spider misses you. The wolf spider bites you.
* * * LOW HITPOINT WARNING * * *
You stop ascending the stairs.
Your surroundings suddenly seem different.
The floating eye changes into a sea snake!
The yaktaur unwields a +0 glaive.
The yaktaur wields a +0 arbalest of velocity.
The yaktaur shoots a bolt.
The bolt barely misses you.
The yaktaur captain wields an arbalest.
The yaktaur captain shoots a bolt.
The bolt hits you!!!
You die...

.# #.# #.# #.#
#.# #.# ##
#.#.# #@#
#.#.#....#...2
#.#.#.....#...
#.#.#......#.e
#c# #........4#
##
.........4#####
..*Q..Ss...$...
....[cc...(....
..[e<.e<.[.(...


You could see a yaktaur captain, a sea snake shaped shifter, a wolf spider and 2
yaktaurs.

Vanquished Creatures
  Mara (Vaults:3)
  Frederick (Vaults:4)
  Xtahua (Vaults:4)
  Saint Roka (Orc:2)
  A lich (Vaults:4)
  Rupert (Lair:3)
  Jorgrun (Orc:2)
  2 tentacled monstrosities (Vaults:4)
  A quicksilver dragon (Vaults:4)
  2 titans (Vaults:4)
  A sphinx (Vaults:4)
  3 thorn hunters
  Frances (Swamp:1)
  A tengu reaver (Vaults:4)
  Roxanne (Swamp:1)
  Donald (Spider:1)
  Kirke (D:12)
  A storm dragon (Vaults:4)
  A fire giant (Vaults:4)
  2 deep elf sorcerers
  Louise (Swamp:2)
  6 emperor scorpions
  4 vault wardens
  Aizul (Swamp:1)
  3 ghost moths (Spider:4)
  6 ironheart preservers
  4 stone giants
  8 very ugly things
  2 entropy weavers
  A deep elf demonologist (Vaults:2)
  2 deep elf annihilators
  2 spark wasps
  Snorg (Lair:3)
  A crystal guardian (Vaults:4)
  3 fire dragons
  2 ettins
  Josephine (Lair:4)
  Erolcha (Orc:2)
  8 yaktaur captains
  2 great orbs of eyes
  2 ice dragons
  Fannar (D:10)
  A ghost crab (Swamp:2)
  29 vault guards
  5 ogre magi
  A catoblepas (Vaults:4)
  21 hydras
  A satyr (shapeshifter) (Vaults:4)
  5 centaur warriors
  2 death knights
  24 two-headed ogres
  2 shambling mangroves (Swamp:1)
  A tengu warrior (D:15)
  13 alligators
  Urug (D:12)
  2 deep troll earth magi (Vaults:2)
  3 death yaks (Lair:4)
  A dancing weapon (Vaults:4)
  A soul eater (Vaults:2)
  Sonja (D:10)
  2 deep elf knights (Vaults:2)
  A shadow wraith (Vaults:1)
  5 skeletal warriors
  A spriggan druid (Swamp:4)
  An unseen horror (shapeshifter) (Vaults:4)
  A glowing orange brain (Vaults:4)
  2 unseen horrors
  6 ironbrand convokers
  2 wizards (Vaults:3)
  7 swamp dragons
  4 deep elf archers
  4 necromancers
  8 deep trolls
  11 orc knights
  2 phantasmal warriors (Vaults:4)
  21 wolf spiders
  20 orb spiders
  A frost giant zombie (Vaults:4)
  8 deep elf magi
  4 orc sorcerers
  7 cyclopes
  A cyclops (shapeshifter) (D:13)
  19 ugly things
  A tengu skeleton (Vaults:4)
  2 moths of wrath (Spider:4)
  3 manticores
  6 centaur zombies
  7 black mambas
  2 torpor snails
  5 elephants
  6 vault sentinels
  A guardian serpent (Lair:6)
  A black mamba (shapeshifter) (D:15)
  A human zombie (Vaults:4)
  2 gargoyles
  6 centaur skeletons
  23 spiny frogs
  A kobold demonologist (D:14)
  2 rime drakes
  2 efreet
  2 rime drakes (shapeshifter)
  6 demonic crawlers
  4 freezing wraiths
  21 yaktaurs
  A yaktaur skeleton (Vaults:4)
  A tengu conjurer (D:15)
  14 komodo dragons
  3 tyrant leeches (Swamp:1)
  28 jumping spiders
  7 trolls
  11 hornets
  A wind drake (shapeshifter) (Vaults:4)
  A wolf spider simulacrum (D:14)
  8 bog bodies
  An ettin zombie (Vaults:4)
  14 slime creatures (Swamp:3)
  18 blink frogs
  9 dream sheep
  A human simulacrum (Vaults:1)
  15 hippogriffs
  A spriggan (Swamp:1)
  A tarantella (shapeshifter) (Vaults:4)
  An ettin skeleton (Vaults:4)
  A spriggan (shapeshifter) (Vaults:3)
  A shadow (D:14)
  A vampire (D:14)
  50 yaks
  25 tarantellas
  15 wyverns
  10 wraiths
  3 hogs (D:12)
  5 basilisks
  76 redbacks
  2 yaktaur simulacra
  10 vampire mosquitoes
  2 hungry ghosts
  7 insubstantial wisps
  4 wargs
  9 swamp worms
  18 water moccasins
  2 acid dragons
  9 porcupines
  3 ice beasts
  29 orc warriors
  A sky beast (shapeshifter) (D:13)
  5 swamp drakes
  6 sky beasts
  3 black bears
  An ettin simulacrum (Vaults:4)
  A tengu (shapeshifter) (Vaults:4)
  An eye of draining (D:11)
  5 phantoms
  2 necrophages
  8 wolves
  17 ogres
  11 centaurs
  10 crocodiles
  16 bullfrogs
  3 big kobolds
  A deep troll simulacrum (Vaults:4)
  A glowing shapeshifter simulacrum (Vaults:4)
  An elf simulacrum (Vaults:1)
  A wyvern skeleton (D:13)
  8 scorpions
  12 killer bees
  5 wights
  An electric eel (D:11)
  3 howler monkeys
  6 crimson imps
  A bullfrog zombie (D:11)
  3 quasits
  A wyvern simulacrum (D:14)
  A bullfrog skeleton (D:12)
  8 hounds
  2 jellies
  18 orc wizards
  17 orc priests
  3 iguanas
  Terence (D:2)
  5 hell rats (Lair:5)
  11 worker ants
  2 worker ant zombies
  11 adders
  2 shadow imps
  2 adder skeletons
  An adder zombie (D:8)
  4 worms
  3 dart slugs
  3 leopard geckos
  72 orcs
  A ball python (D:2)
  2 giant cockroaches
  5 hobgoblins
  12 jackals
  5 quokkas
  5 bats
  4 frilled lizards
  10 goblins
  12 kobolds
  A leopard gecko skeleton (D:7)
  A quokka zombie (D:9)
  7 rats
  2 briar patches (Swamp:4)
  4 fungi
  10 plants
1242 creatures vanquished.

Vanquished Creatures (collateral kills)
  An ancient champion (Vaults:2)
  2 thorn hunters (Swamp:4)
  A shadow dragon (Vaults:4)
  A vault warden (Vaults:1)
  An emperor scorpion (Spider:4)
  3 ironheart preservers (Vaults:2)
  2 entropy weavers
  A stone giant (Vaults:2)
  An ogre mage (Vaults:1)
  A yaktaur captain (Vaults:1)
  A centaur warrior (Vaults:2)
  6 hydras (Swamp:4)
  3 alligators
  4 two-headed ogres (Vaults:1)
  A deep elf knight (Vaults:4)
  5 swamp dragons (Swamp:4)
  A glowing orange brain (Vaults:2)
  4 deep trolls
  2 ironbrand convokers (Vaults:2)
  2 orb spiders (Spider:4)
  An orc knight (Vaults:1)
  3 ugly things
  An orc sorcerer (Vaults:2)
  3 wolf spiders
  A vault sentinel (Vaults:3)
  2 spiny frogs
  A freezing wraith (Vaults:4)
  7 yaktaurs
  2 jumping spiders
  4 hornets (Swamp:1)
  3 bog bodies
  9 redbacks
  A redback (shapeshifter) (Vaults:4)
  4 tarantellas
  3 vampire mosquitoes
  5 orc warriors
  4 swamp drakes (Swamp:4)
  An ogre (Vaults:1)
  2 centaurs (Vaults:2)
  2 briar patches (Swamp:4)
102 creatures vanquished.

Vanquished Creatures (others)
  A worker ant (D:12)
  2 fire vortices
  18 fungi
  12 plants
33 creatures vanquished.

Grand Total: 1377 creatures vanquished

Notes
Turn   | Place    | Note
-------+----------+-------------------------------------------
     0 | D:1      | MatthieuS the Deep Elf Fire Elementalist began the quest
                  | for the Orb.
     0 | D:1      | Reached XP level 1. HP: 10/10 MP: 6/6
   311 | D:1      | Reached XP level 2. HP: 13/15 MP: 0/8
   424 | D:1      | Learned a level 2 spell: Throw Flame
   442 | D:1      | Identified a +0 pair of boots of running (You found it on
                  | level 1 of the Dungeon)
   875 | D:1      | Reached XP level 3. HP: 19/19 MP: 5/10
  1009 | D:2      | Found a blossoming altar of Fedhas.
  1362 | D:2      | Noticed Terence
  1422 | D:2      | Killed Terence
  1422 | D:2      | Reached skill level 4 in Spellcasting
  1422 | D:2      | Reached XP level 4. HP: 23/24 MP: 0/12
  1522 | D:2      | Learned a level 3 spell: Conjure Flame
  1527 | D:2      | Learned a level 4 spell: Sticky Flame
  1528 | D:2      | Found a faded altar of an unknown god.
  2246 | D:3      | Found a shadowy altar of Dithmenos.
  2433 | D:3      | Noticed a sky beast
  2442 | D:3      | Killed a sky beast
  2442 | D:3      | Reached skill level 5 in Spellcasting
  2442 | D:3      | Reached XP level 5. HP: 13/28 MP: 2/14
  2655 | D:3      | Found a radiant altar of Vehumet.
  2682 | D:3      | Became a worshipper of Vehumet
  2742 | D:3      | Found a shimmering altar of Xom.
  2888 | D:4      | Reached skill level 5 in Fire Magic
  2888 | D:4      | Reached XP level 6. HP: 23/32 MP: 9/16
  2982 | D:4      | Learned a level 3 spell: Inner Flame
  3293 | D:4      | Reached skill level 6 in Spellcasting
  3814 | D:4      | Reached XP level 7. HP: 36/36 MP: 11/18
  4116 | D:5      | Entered Level 5 of the Dungeon
  4287 | D:5      | Reached skill level 5 in Conjurations
  4761 | D:6      | Found a burning altar of Makhleb.
  4762 | D:6      | Found a hazy altar of Hepliaklqana.
  4809 | D:6      | Reached skill level 7 in Spellcasting
  5065 | D:6      | Reached * piety under Vehumet
  5065 | D:6      | Offered knowledge of Sting by Vehumet.
  5065 | D:6      | Reached XP level 8. HP: 39/41 MP: 6/21
  5375 | D:6      | Got a brightly glowing leather armour
  5386 | D:6      | Identified the +2 leather armour of Imperfection {rF- rC+
                  | Regen+ MP+9} (You found it on level 6 of the Dungeon)
  5554 | D:7      | Reached skill level 8 in Spellcasting
  5889 | D:7      | Noticed a hippogriff
  5896 | D:7      | Killed a hippogriff
  5907 | D:7      | Reached skill level 9 in Spellcasting
  6006 | D:7      | Found a staircase to the Ecumenical Temple.
  6252 | D:7      | Found a glowing silver altar of Zin.
  6260 | D:7      | Learned a level 5 spell: Fireball
  6282 | D:8      | Reached XP level 9. HP: 45/45 MP: 24/24
  6483 | D:8      | Reached skill level 1 in Fighting
  6626 | D:8      | Found Pedghefu's Jewellery Shoppe.
  6634 | D:8      | Bought an uncursed ring of fire for 300 gold pieces
  6644 | D:8      | Noticed a white ugly thing
  6649 | D:8      | Killed a white ugly thing
  6783 | D:8      | Reached ** piety under Vehumet
  6783 | D:8      | Offered knowledge of Searing Ray by Vehumet.
  6783 | D:8      | Reached skill level 10 in Spellcasting
  7203 | D:9      | Found a snail-covered altar of Cheibriados.
  7285 | D:9      | Learned a level 2 spell: Searing Ray
  7290 | D:9      | Learned a level 4 spell: Olgreb's Toxic Radiance
  7320 | D:9      | Found a glowing golden altar of the Shining One.
  7327 | D:9      | Noticed a two-headed ogre
  7335 | D:9      | Killed a two-headed ogre
  7335 | D:9      | Reached skill level 5 in Dodging
  7335 | D:9      | Reached XP level 10. HP: 55/55 MP: 21/26
  7734 | D:10     | Entered Level 10 of the Dungeon
  7783 | D:10     | Offered knowledge of Static Discharge by Vehumet.
  8005 | D:10     | Reached *** piety under Vehumet
  8049 | D:10     | Noticed Fannar
  8052 | D:10     | Killed Fannar
  8052 | D:10     | Reached skill level 11 in Spellcasting
  8052 | D:10     | Reached skill level 5 in Poison Magic
  8178 | D:10     | Offered knowledge of Airstrike by Vehumet.
  8409 | D:10     | Got a smoking scale mail
  8630 | D:10     | Noticed Sonja
  8634 | D:10     | Killed Sonja
  8634 | D:10     | Reached XP level 11. HP: 61/61 MP: 26/28
  8729 | D:10     | Found a staircase to the Lair.
  8760 | Lair:1   | Entered Level 1 of the Lair of Beasts
  8878 | Lair:1   | Reached skill level 10 in Fire Magic
  8928 | Lair:1   | Reached **** piety under Vehumet
  8945 | Lair:1   | Offered knowledge of Fulminant Prism by Vehumet.
  9225 | Lair:1   | Reached skill level 5 in Fighting
  9398 | Lair:1   | Reached skill level 10 in Conjurations
  9444 | Lair:1   | Reached skill level 12 in Spellcasting
  9573 | Lair:1   | Reached XP level 12. HP: 58/68 MP: 26/30
  9973 | Lair:2   | Found a hole to the Spider Nest.
 10192 | Lair:2   | Reached ***** piety under Vehumet
 10230 | Lair:2   | Offered knowledge of Bolt of Magma by Vehumet.
 10342 | Lair:2   | Noticed a six-headed hydra
 10344 | Lair:2   | Killed a six-headed hydra
 10350 | Lair:2   | Noticed a four-headed hydra
 10353 | Lair:2   | Killed a four-headed hydra
 10366 | Lair:2   | Found a staircase to the Swamp.
 10714 | Lair:3   | Noticed Rupert
 10718 | Lair:3   | Paralysed by Rupert for 7 turns
 10730 | Lair:3   | Noticed Snorg
 10730 | Lair:3   | Noticed a five-headed hydra
 10832 | Lair:3   | Killed Snorg
 10832 | Lair:3   | Reached skill level 13 in Spellcasting
 10833 | Lair:3   | Noticed an eight-headed hydra
 10839 | Lair:3   | Killed an eight-headed hydra
 10874 | Lair:3   | Killed a five-headed hydra
 11038 | Lair:3   | Reached XP level 13. HP: 59/75 MP: 26/32
 11152 | Lair:3   | Got a blackened scimitar
 11153 | Lair:3   | Identified the +10 scimitar "Ofioh" {slice, +Rage Str+2}
                  | (You found it on level 3 of the Lair of Beasts)
 11165 | Lair:3   | Learned a level 5 spell: Bolt of Magma
 11438 | Lair:3   | Killed Rupert
 11438 | Lair:3   | Reached skill level 10 in Dodging
 12096 | Lair:4   | Noticed Josephine
 12100 | Lair:4   | Killed Josephine
 12844 | Lair:5   | Reached skill level 14 in Spellcasting
 13025 | Lair:5   | Found a dark tunnel.
 13034 | Volcano  | Entered a volcano
 13290 | Lair:5   | Identified a scroll of acquirement
 13290 | Lair:5   | Identified the Compendium of Feathers (You acquired it on
                  | level 5 of the Lair of Beasts)
 13335 | Lair:5   | Learned a level 2 spell: Blink
 13335 | Lair:5   | Found a staircase to the Slime Pits.
 13573 | Lair:6   | Entered Level 6 of the Lair of Beasts
 13896 | Lair:6   | Offered knowledge of Throw Icicle by Vehumet.
 14432 | Lair:6   | Reached XP level 14. HP: 83/83 MP: 29/34
 14843 | Lair:6   | Reached skill level 1 in Shields
 15300 | D:11     | Found a staircase to the Orcish Mines.
 15499 | D:11     | Found an ancient bone altar of Kikubaaqudgha.
 15537 | D:11     | Gained mutation: Your magical capacity is low. (-10% MP)
                  | [potion of mutation]
 15537 | D:11     | Gained mutation: Scrolls take you a little longer to read.
                  | [potion of mutation]
 15537 | D:11     | Gained mutation: You are partially covered in rugged brown
                  | scales. (AC +1, +3% HP) [potion of mutation]
 15538 | D:11     | Lost mutation: Your magical capacity is low. (-10% MP)
                  | [potion of mutation]
 15538 | D:11     | Lost mutation: Scrolls take you a little longer to read.
                  | [potion of mutation]
 15538 | D:11     | Gained mutation: Your muscles are strong. (Str +2) [potion
                  | of mutation]
 15799 | D:11     | Got a crude rapier
 15800 | D:11     | Identified the +6 rapier "Daighyen" {pierce, *Slow rF+++
                  | Int+9 Dex-4} (You found it on level 11 of the Dungeon)
 16393 | D:12     | Noticed Urug
 16396 | D:12     | Reached skill level 15 in Spellcasting
 16399 | D:12     | Killed Urug
 16536 | D:12     | Offered knowledge of Iron Shot by Vehumet.
 16794 | D:12     | Noticed Kirke
 16800 | D:12     | Killed Kirke
 16973 | D:13     | Learned a level 1 spell: Apportation
 16980 | D:13     | Learned a level 6 spell: Iron Shot
 16988 | D:13     | Found a gate to the Vaults.
 17008 | D:13     | Reached skill level 1 in Earth Magic
 17746 | D:14     | Reached XP level 15. HP: 90/90 MP: 9/36
 18132 | D:14     | Found a portal to a secret trove of treasure.
 18335 | D:14     | Found Noyh's Assorted Antiques.
 18342 | D:14     | Bought a silvery potion for 26 gold pieces
 18453 | D:14     | Offered knowledge of Yara's Violent Unravelling by Vehumet.
 18626 | D:14     | Reached skill level 16 in Spellcasting
 18776 | Orc:1    | Entered Level 1 of the Orcish Mines
 18841 | Orc:1    | Found Dinailan's Antique Armour Emporium.
 18856 | Orc:1    | Bought a shiny helmet for 270 gold pieces
 19180 | Orc:2    | Entered Level 2 of the Orcish Mines
 19194 | Orc:2    | Noticed Erolcha
 19197 | Orc:2    | Killed Erolcha
 19261 | Orc:2    | Found a roughly hewn altar of Beogh.
 19323 | Orc:2    | Found a roughly hewn altar of Beogh.
 19325 | Orc:2    | Found a staircase to the Elven Halls.
 19346 | Orc:2    | Found a roughly hewn altar of Beogh.
 19386 | Orc:2    | Noticed Jorgrun
 19399 | Orc:2    | Killed Jorgrun
 19596 | Orc:2    | Found a roughly hewn altar of Beogh.
 19679 | Orc:2    | Reached ****** piety under Vehumet
 19685 | Orc:2    | Offered knowledge of Orb of Destruction by Vehumet.
 19687 | Orc:2    | Noticed Saint Roka
 19714 | Orc:2    | Killed Saint Roka
 19823 | Orc:2    | Found Plog's Antique Armour Boutique.
 19843 | Orc:2    | Found Uqaigicu's Antique Weapon Shop.
 19845 | Orc:2    | Found a roughly hewn altar of Beogh.
 19985 | Orc:2    | Found a roughly hewn altar of Beogh.
 19985 | Orc:2    | Found Hedec's Assorted Antiques.
 20003 | Orc:2    | Bought a scroll of blinking for 202 gold pieces
 20100 | Orc:2    | Found Roejy's Antique Armour Emporium.
 20108 | Orc:2    | Bought a pair of runed gloves for 217 gold pieces
 20170 | Orc:2    | Found a roughly hewn altar of Beogh.
 20325 | D:15     | Entered Level 15 of the Dungeon
 20646 | D:15     | Found a staircase to the Depths.
 21510 | D:15     | Found a sparkling altar of Nemelex Xobeh.
 21763 | Spider:1 | Entered Level 1 of the Spider Nest
 21763 | Spider:1 | Noticed Donald
 21767 | Spider:1 | Killed Donald
 22190 | Spider:1 | Reached XP level 16. HP: 98/98 MP: 38/38
 22858 | Spider:2 | Offered knowledge of Spellforged Servitor by Vehumet.
 22868 | Spider:2 | Learned a level 1 spell: Animate Skeleton
 22876 | Spider:2 | Learned a level 7 spell: Spellforged Servitor
 22885 | Spider:2 | Reached skill level 17 in Spellcasting
 22963 | Spider:2 | You fall through a shaft!
 23010 | Spider:3 | Reached skill level 1 in Summonings
 24419 | Spider:3 | Reached skill level 15 in Fire Magic
 24668 | Spider:4 | Entered Level 4 of the Spider Nest
 24870 | Spider:4 | Reached skill level 5 in Summonings
 25309 | Spider:4 | Reached skill level 15 in Conjurations
 25517 | Spider:4 | Offered knowledge of Ozocubu's Refrigeration by Vehumet.
 25566 | Spider:4 | Got a gossamer rune of Zot
 25682 | Spider:4 | Identified the +10 scimitar of Accord {elec, +Rage +Fly
                  | rElec Str-3} (You found it on level 4 of the Spider Nest)
 25690 | Spider:4 | Reached XP level 17. HP: 104/104 MP: 40/40
 26194 | Swamp:1  | Entered Level 1 of the Swamp
 26201 | Swamp:1  | Reached skill level 10 in Fighting
 26236 | Swamp:1  | Identified Roxanne's Almanac of Intuition
 26236 | Swamp:1  | Noticed Roxanne
 26397 | Swamp:1  | Noticed Aizul
 26402 | Swamp:1  | Killed Aizul
 26447 | Swamp:1  | Paralysed by a hornet for 2 turns
 26613 | Swamp:1  | Reached skill level 18 in Spellcasting
 26664 | Swamp:1  | Noticed Frances
 26669 | Swamp:1  | Killed Frances
 27056 | Swamp:1  | Killed Roxanne
 27331 | Swamp:2  | Noticed Louise
 27336 | Swamp:2  | Killed Louise
 27336 | Swamp:2  | Offered knowledge of Lehudib's Crystal Spear by Vehumet.
 27336 | Swamp:2  | Offered knowledge of Fire Storm by Vehumet.
 27336 | Swamp:2  | Offered knowledge of Chain Lightning by Vehumet.
 27415 | Swamp:2  | Learned a level 8 spell: Lehudib's Crystal Spear
 28335 | Swamp:3  | Identified the cursed +1 long sword of Currency {flame,
                  | +Rage} (You found it on level 3 of the Swamp)
 28388 | Swamp:3  | Reached skill level 5 in Earth Magic
 28705 | Swamp:4  | Entered Level 4 of the Swamp
 29037 | Swamp:4  | Reached XP level 18. HP: 111/111 MP: 31/42
 29207 | Swamp:4  | Got a decaying rune of Zot
 30059 | Vaults:1 | Entered Level 1 of the Vaults
 30489 | D:8      | Bought an uncursed ring of magical power for 240 gold
                  | pieces
 32224 | Vaults:2 | Reached skill level 19 in Spellcasting
 32390 | Vaults:2 | Found the ring of the Mage {Wiz MR++ Int+3}
 32510 | Vaults:2 | Learned a level 9 spell: Fire Storm
 32947 | Vaults:2 | Found a staircase to the Crypt.
 33449 | Vaults:3 | Noticed Mara
 33456 | Vaults:3 | Killed Mara
 33456 | Vaults:3 | Reached XP level 19. HP: 118/118 MP: 31/44
 33893 | Vaults:3 | You fall through a shaft!
 33904 | Vaults:4 | Got a coiled copper ring
 33905 | Vaults:4 | Identified the ring "Azxon" {Wiz +Blink rF- rN+ Int+2} (You
                  | found it on level 4 of the Vaults)
 33924 | Vaults:4 | Noticed Xtahua
 34276 | Vaults:4 | Found Elofya's Antique Armour Boutique.
 34283 | Vaults:4 | Bought a pair of runed gloves for 217 gold pieces
 34296 | Vaults:4 | Bought an embroidered scarf for 232 gold pieces
 34849 | Vaults:4 | Killed Xtahua
 34927 | Vaults:4 | Noticed Frederick
 34931 | Vaults:4 | Killed Frederick
 34976 | Vaults:4 | Reached skill level 15 in Dodging
 34988 | Vaults:4 | Reached skill level 10 in Earth Magic
 35605 | Vaults:4 | Reached skill level 20 in Spellcasting
 36018 | Vaults:4 | Reached XP level 20. HP: 125/125 MP: 44/46
 36194 | Vaults:4 | Identified the +6 dagger of Watchfulness {flame, rElec MP+9
                  | Dex+4}
 36283 | Vaults:4 | Got pitted storm dragon scales
 36285 | Vaults:4 | Got a scorched iron ring
 36300 | Vaults:4 | Identified the cursed +0 storm dragon scales "Xigidgh"
                  | {rElec Slay+3} (You found it on level 4 of the Vaults)
 36302 | Vaults:4 | Identified the ring "Husiohaw" {rPois rC+ Dex+4 SInv} (You
                  | found it on level 4 of the Vaults)
 36469 | Vaults:5 | Entered Level 5 of the Vaults
 36795 | Vaults:5 | Identified the ring of Rutipres {rF+ Int+4}
 36798 | Vaults:5 | Shot with a bolt by a yaktaur captain

Levels and vault maps discovered:
D:1:      wander_arrival_desolate, layout_basic
D:2:      layout_basic, lemuel_crystal_altar, chequers_ecumenical_altar_simple,
          uniq_terence
D:3:      layout_rooms, grunt_dithmenos_smoke, led_xom_imps, vehumet_crystals
D:4:      minmay_diamond_boxcup, layout_layer_cave, first_ration
D:5:      layout_loops_ring
D:6:      layout_rooms, nicolae_overflow_hidden_temple
D:7:      layout_rooms, kennysheep_little_box, minmay_temple_entry_slanted
D:8:      layout_loops_cross, serial_shops, nicolae_shop_trees,
          blue_anna_alchemist [blue_anna_fruit_fields, blue_anna_fruit_fields]
D:9:      wander_river, layout_small_grid, old_standard_altar,
          lemuel_crystal_altar, kennysheep_generic_room_16
D:10:     layout_basic, grunt_lair_entry_orc_guard_hut, uniq_fannar, uniq_sonja
D:11:     layout_cave_pods, erik_orc_3, nicolae_lava_and_water,
          lemuel_altar_in_water
D:12:     layout_basic, minmay_misc_feat_enclosed, uniq_kirke, uniq_urug
D:13:     layout_basic, david_vaults_2
D:14:     layout_basic, enter_trove_2, minmay_staircase_statues, serial_shops,
          shop, minmay_joined_circles
D:15:     hangedman_depths_entry_civil_slaughter, layout_basic,
          lemuel_crystal_altar, serial_co_window_serial, co_window_corner_a,
          co_window_of_opportunity_a, co_window_paths_a, co_window_cross_1,
          co_window_paths_b, co_window_broadway_c, co_window_cross_4,
          co_window_of_opportunity_b, co_window_corner_ca,
          co_window_unsneaky_path_b, co_window_paths_c, co_window_paths_d
Lair:1:   layout_cave_shapes, minmay_shattered_shrine, grunt_megastairs_1
Lair:2:   layout_hall_layers, palyth_hydra_swamp_entry,
          spider_nest_entry_web_field, infiniplex_staircase_pool
Lair:3:   layout_cave_pods, grunt_megastairs_3, uniq_snorg, uniq_rupert
Lair:4:   layout_regular_city, uniq_josephine
Lair:5:   layout_loops_ring, dpeg_slime_entry_corner,
          nicolae_volcano_entry_hallway
Lair:6:   hangedman_lair_tendril_chambers, layout_regular_city, st_stairs_5,
          kennysheep_basilisk_garden
Swamp:1:  layout_basic_swamp, hangedman_swamp_ruin_wall, uniq_aizul,
          uniq_roxanne, uniq_frances
Swamp:2:  layout_basic_swamp, nicolae_swamp_trees_clearing, swamp_pool5,
          uniq_louise
Swamp:3:  gammafunk_mikee_crab_dinner, layout_basic_swamp,
          evilmike_swamp_ruin_rubble_1
Swamp:4:  swamp_basic_johnstein, layout_basic_swamp, infiniplex_staircase_pool_2
Spider:1: layout_spider_delve, uniq_donald
Spider:2: layout_chambers
Spider:3: layout_spider_delve
Spider:4: grunt_spider_rune_circles
Orc:1:    layout_caves, serial_shops, shop
Orc:2:    grunt_orc_community_town_hall, layout_diamond_mine,
          grunt_orc_community_big_house_1, grunt_orc_community_big_house_1,
          grunt_orc_community_house_3, grunt_orc_community_house_2,
          grunt_orc_community_house_1, grunt_orc_community_house_1,
          nicolae_orc_sculptors_studio, uniq_jorgrun, uniq_erolcha
Vaults:1: nicolae_vaults_alarming, v_pattern_5, vaults_room_door_ring,
          ontoclasm_vaults_decontamination, vaults_room_stairs_pillars,
          hangedman_vaults_capsules, v_misc_16, vaults_dpeg_cross,
          layout_vaults_quadrants, serial_glass
Vaults:2: nicolae_vaults_twisting_passages, minmay_crypt_entry_simple_walls,
          nicolae_vaults_asterisk, v_misc_22,
          nicolae_vaults_stairing_the_circle, hangedman_vaults_impose,
          nicolae_vaults_big_angled_halls, ontoclasm_vaults_shuriken,
          hangedman_vaults_corner_blocks, vaults_room_hallway,
          vaults_room_stairs_pillars, layout_vaults_omnicross
Vaults:3: v_misc_32, v_alt_pattern_6, v_misc_23, ontoclasm_vaults_twist,
          ontoclasm_vaults_hangar, v_misc_2, ontoclasm_vaults_ring_small,
          vaults_mumra_minichess_inversion, v_pattern_3,
          nicolae_vaults_network_star, nicolae_vaults_little_squares_4,
          layout_vaults_big_room, uniq_mara, uniq_boris
Vaults:4: st_greater_box_4, ontoclasm_vaults_claustrophobia,
          dpeg_vaults_monster_box, v_misc_16, nicolae_vaults_network_square,
          v_rooms_6, v_rooms_6, hangedman_vaults_locks, vaults_room_pools,
          grunt_vaults_swirl, nicolae_vaults_bisected_slash,
          nicolae_vaults_little_squares_6, layout_vaults_maze, serial_shops,
          shop, uniq_frederick, uniq_xtahua
Vaults:5: uniq_saint_roka
Volcano:  volcano_lake [vl_original]

Skill      XL: |  1  2  3  4  5  6  7  8  9 10 11 12 13 14 15 16 17 18 19 20 |
---------------+-------------------------------------------------------------+-----
Conjurations   | 2 3 4 5 7 8 9 10 11 12 13 14 15 16 17 | 17.6
Spellcasting   | 4 5 6 7 9 10 11 12 13 14 15 16 17 18 19 20 | 20.5
Fire Magic     | 4 5 6 8 9 10 11 12 13 14 15 16 17 | 17.8
Dodging        | 5 6 8 9 11 12 13 14 15 | 15.8
Fighting       | 2 4 5 6 7 8 9 10 11 12 | 12.4
Poison Magic   | 2 5 8 |  8.0
Shields        | 4 |  4.0
Earth Magic    | 3 4 6 9 10 11 | 11.2
Summonings     | 7 9 |  9.1
Stealth        | |  2.4

Action                   |  1- 3 |  4- 6 |  7- 9 | 10-12 | 13-15 | 16-18 | 19-21 || total
-------------------------+-------+-------+-------+-------+-------+-------+-------++-------
Melee: Short sword       |     6 |    15 |    96 |       |       |       |       ||   117
       Staff             |       |       |       |       |     8 |     1 |    15 ||    24
 Cast: Flame Tongue      |    59 |    66 |   119 |   188 |   337 |   159 |    42 ||   970
       Throw Flame       |     2 |    24 |    73 |    47 |   202 |    42 |       ||   390
       Conjure Flame     |       |       |     5 |     5 |     7 |     1 |     1 ||    19
       Sticky Flame      |       |       |     3 |    26 |    16 |    18 |    11 ||    74
       Fireball          |       |       |     2 |    78 |   273 |   291 |    85 ||   729
       Inner Flame       |       |       |     2 |       |       |     2 |       ||     4
       Olgreb's Toxic Ra |       |       |       |    10 |    24 |    30 |     4 ||    68
       Bolt of Magma     |       |       |       |       |    80 |   123 |    49 ||   252
       Blink             |       |       |       |       |    15 |    27 |    15 ||    57
       Iron Shot         |       |       |       |       |     1 |    25 |       ||    26
       Spellforged Servi |       |       |       |       |       |    41 |     5 ||    46
       Animate Skeleton  |       |       |       |       |       |     5 |       ||     5
       Lehudib's Crystal |       |       |       |       |       |     2 |    71 ||    73
       Fire Storm        |       |       |       |       |       |     1 |     3 ||     4
Evoke: Wand              |       |       |       |       |     2 |    11 |     6 ||    19
       Lamp of fire      |       |       |       |       |       |       |     1 ||     1
  Use: Scroll            |       |     7 |     7 |     7 |    14 |    15 |     9 ||    59
       Potion            |       |       |       |     1 |    11 |     3 |     5 ||    20
  Eat: Chunk             |     1 |     7 |     7 |    14 |    23 |    25 |    20 ||    97
       Ration            |       |       |     1 |     2 |     5 |     7 |     2 ||    17
Armor: Robe              |     5 |     8 |    13 |       |       |       |       ||    26
       Leather armour    |       |       |    29 |    52 |    74 |   105 |    44 ||   304
Dodge: Dodged            |    20 |    26 |   118 |   136 |   297 |   299 |   109 ||  1005
Block: Buckler           |       |       |       |       |    36 |    58 |    24 ||   118

Table legend:
 A = Non-vault XP
 B = Vault XP
 C = Vault XP percentage of total XP
 D = Non-vault monster count
 E = Vault monster count
 F = Vault count percentage of total count
                 A         B        C        D         E       F
            +---------+---------+-------+---------+---------+-------
      Total |  294806 |  241960 |  45.1 |     928 |     399 |  30.1
            +---------+---------+-------+---------+---------+-------
        D:1 |      41 |       0 |   0.0 |      22 |       0 |   0.0
        D:2 |      54 |      36 |  40.0 |      17 |       1 |   5.6
        D:3 |     192 |       0 |   0.0 |      20 |       0 |   0.0
        D:4 |     390 |      90 |  18.8 |      11 |       3 |  21.4
        D:5 |     160 |       0 |   0.0 |       7 |       0 |   0.0
        D:6 |     613 |       0 |   0.0 |      17 |       0 |   0.0
        D:7 |    1088 |       0 |   0.0 |      17 |       0 |   0.0
        D:8 |    1665 |      95 |   5.4 |      24 |       1 |   4.0
        D:9 |    1892 |      70 |   3.6 |      14 |       1 |   6.7
       D:10 |    2656 |    2269 |  46.1 |      28 |       6 |  17.6
       D:11 |    2950 |     704 |  19.3 |      15 |      16 |  51.6
       D:12 |    6780 |    3455 |  33.8 |      35 |       5 |  12.5
       D:13 |   11953 |    1041 |   8.0 |      29 |       3 |   9.4
       D:14 |    7341 |    6352 |  46.4 |      27 |      20 |  42.6
       D:15 |    7995 |    4195 |  34.4 |      22 |       6 |  21.4
     Lair:1 |    6786 |    3849 |  36.2 |      29 |      14 |  32.6
     Lair:2 |    8306 |    2309 |  21.8 |      32 |       4 |  11.1
     Lair:3 |    5617 |    4356 |  43.7 |      18 |       3 |  14.3
     Lair:4 |    5339 |    2106 |  28.3 |      18 |       6 |  25.0
     Lair:5 |    3268 |       0 |   0.0 |      19 |       0 |   0.0
     Lair:6 |    7856 |   11602 |  59.6 |      24 |      41 |  63.1
    Swamp:1 |   19278 |    5207 |  21.3 |      43 |       3 |   6.5
    Swamp:2 |   11826 |    1734 |  12.8 |      27 |       1 |   3.6
    Swamp:3 |   12320 |       0 |   0.0 |      32 |       0 |   0.0
    Swamp:4 |    4961 |   21452 |  81.2 |       9 |      33 |  78.6
   Spider:1 |   16730 |    2021 |  10.8 |      50 |       1 |   2.0
   Spider:2 |    7709 |       0 |   0.0 |      26 |       0 |   0.0
   Spider:3 |   17995 |     216 |   1.2 |      52 |       1 |   1.9
   Spider:4 |   15385 |   19374 |  55.7 |      43 |      33 |  43.4
      Orc:1 |     629 |       0 |   0.0 |       7 |       0 |   0.0
      Orc:2 |    1632 |   13983 |  89.5 |      18 |      66 |  78.6
   Vaults:1 |   21886 |    7791 |  26.3 |      42 |      16 |  27.6
   Vaults:2 |   32594 |   10189 |  23.8 |      55 |      15 |  21.4
   Vaults:3 |   10587 |   21701 |  67.2 |      17 |      19 |  52.8
   Vaults:4 |   34049 |   86402 |  71.7 |      51 |      72 |  58.5
   Vaults:5 |    4283 |    9361 |  68.6 |      11 |       9 |  45.0
            +---------+---------+-------+---------+---------+-------
